 Dungeon Crawl Stone Soup version 0.28.0-47-ge53b351184 (webtiles) character file.

Game seed: 3846621335994971086

2597 Kangaroobicon the Cleaver (level 9, 0/73 HPs)
             Began as a Palentonga Fighter on May 6, 2022.
             Was a Believer of the Shining One.
             Slain by a gnoll
             ... wielding a +0 halberd
              (3 damage)
             ... on level 6 of the Dungeon.
             The game lasted 00:45:14 (5721 turns).

Kangaroobicon the Cleaver (Palentonga Fighter)      Turns: 5721, Time: 00:45:14

Health: 0/73       AC: 20    Str: 25    XL:     9   Next: 33%
Magic:  9/9        EV:  9    Int:  9    God:    the Shining One [**....]
Gold:   241        SH:  5    Dex: 14    Spells: 8/8 levels left

rFire   . . .      SeeInvis +   a - +0 war axe
rCold   . . .      Faith    .   c - +0 buckler
rNeg    + . .      Spirit   .   g - +0 ring mail
rPois   .          Reflect  .   n - +1 helmet
rElec   .          Harm     .   (no cloak)
rCorr   .          Rampage  .   d - +0 pair of gloves
Will    .....                   (no barding)
Stlth   +.........              i - amulet of the acrobat
HPRegen 0.22/turn               h - +4 ring of protection
MPRegen 0.11/turn               p - +6 ring of strength

@: glowing, curled up
A: large, rugged brown scales 3, see invisible, deformed body, roll 1, armoured
tail, reflexive curl
a: Rolling Charge, Renounce Religion, Divine Shield


You were on level 6 of the Dungeon.
You worshipped the Shining One.
The Shining One was pleased with you.
You visited 2 branches of the dungeon, and saw 7 of its levels.
You also visited: Sewer.

You collected 256 gold pieces.
You spent 15 gold pieces at shops.

Inventory:

Hand Weapons
 a - a +0 war axe (weapon)
 q - a +2 whip of electrocution
 s - a +3 trident of venom
Missiles
 B - 3 throwing nets
 D - 16 poisoned darts
 E - 2 curare-tipped darts
 G - 4 boomerangs
 N - 5 datura-tipped darts
Armour
 c - a +0 buckler (worn)
 d - a +0 pair of gloves (worn)
 g - a +0 ring mail (worn)
 n - a +1 helmet (worn)
Jewellery
 h - a +4 ring of protection (left hand)
 i - an amulet of the acrobat (around neck)
 p - a +6 ring of strength (right hand)
 I - a ring of poison resistance
Wands
 u - a wand of charming (1)
Scrolls
 m - 2 scrolls of teleportation
 w - 2 scrolls of enchant armour {unknown}
 x - a scroll of torment {unknown}
 z - a scroll of amnesia {unknown}
 A - 2 scrolls of fog {unknown}
 F - a scroll of brand weapon {unknown}
 L - a scroll of summoning
Potions
 b - a potion of heal wounds {unknown}
 e - a potion of attraction {unknown}
 f - a potion of magic {unknown}
 j - a potion of invisibility
 k - a potion of degeneration {unknown}
 l - 2 potions of brilliance
 o - 2 potions of haste {unknown}
 r - 2 potions of curing {unknown}
 v - a potion of mutation {unknown}
 C - a potion of ambrosia {unknown}
 J - a potion of cancellation {unknown}
 M - a potion of might


   Skills:
 + Level 6.2 Fighting
 + Level 9.6 Axes
 + Level 4.4 Armour
 + Level 2.9 Dodging
 + Level 0.6 Stealth
 + Level 3.3 Shields


You had 8 spell levels left.
You didn't know any spells.
Your spell library contained the following spells:

 Spells                   Type           Power      Damage    Failure   Level
 Fulminant Prism          Conj/Hex       0%         3d6       100%        4
 Silence                  Hex/Air        0%         N/A       100%        5
 Disjunction              Tloc           0%         N/A       100%        8


Dungeon Overview and Level Annotations

Branches:
Dungeon (6/15)             Temple (1/1) D:4           Sewer (visited)

Altars:
Ashenzari
Cheibriados
Dithmenos
Elyvilon
Fedhas
Gozag
Hepliaklqana
Kikubaaqudgha
Makhleb
Nemelex Xobeh
Okawaru
Qazlal
Ru
Sif Muna
Trog
Uskayaw
Vehumet
Wu Jian
Yredelemnul
Zin
The Shining One

Shops:
D:5 [:*


Innate Abilities, Weirdness & Mutations

You are completely covered in rugged brown scales. (AC +3, +7% HP)
You have supernaturally acute eyesight. (SInv)
Armour fits poorly on your strangely shaped body.
You can roll at nearby foes to attack.
You have a long armoured tail.
You curl defensively after being hit. (AC +7*)


Message History

You feel sick. The gnoll misses you.
You barely miss the gnoll. You tail-slap the gnoll.
You kill the gnoll!
You feel sick.
You feel sick.
Things that are here:
a +0 whip; a +0 scale mail; a gnoll corpse You feel sick.
You see here a +0 club.
You feel sick.
You are no longer poisoned.
Items here: )) [ †.
s - a +3 trident of venom You see here a +0 club.
Things that are here:
a +0 whip; a +0 scale mail; a gnoll corpse A gnoll comes into view.
It is wielding a +0 halberd.
A gnoll comes into view. It is wielding a +0 spear.
The gnoll shouts!
A gnoll comes into view. It is wielding a +0 halberd.
The gnoll shouts!
You slash the gnoll!
The gnoll is almost dead.
The gnoll hits you with a +0 halberd!
* * * LOW HITPOINT WARNING * * *
The gnoll hits you but does no damage. The gnoll closely misses you.
You slash the gnoll!
You kill the gnoll!
A gnoll comes into view. It is wielding a +0 whip.
The gnoll hits you from afar with a +0 spear.
* * * LOW HITPOINT WARNING * * *
The gnoll shouts!
The gnoll hits you but does no damage.
Things that are here:
a +0 halberd; a gnoll corpse You slash the gnoll!
You tail-slap the gnoll, but do no damage.
The gnoll is severely wounded.
The gnoll hits you from afar with a +0 halberd.
You die...

$. .## #.# ######..##
#....######........###
g.g..gg@.............
#....######.##.....#
#.# #.##.##.#
####.##### #.......#
... #.....<..#
####.#### #'#
#.##.###.## #.# #.#
#......# #.# #.#
#####..# #.# ##.##
#..# #.# #####


You could see 4 gnolls.

Vanquished Creatures
  Pikel (D:5)
  3 yaks (D:5)
  A water moccasin (D:6)
  3 lemures (D:5)
  A phantom (D:4)
  A gnoll sergeant (D:6)
  6 kobold brigands (Sewer)
  A bullfrog (D:6)
  2 scorpions
  A water moccasin zombie (D:5)
  3 bullfrog zombies
  3 jellies
  An iron imp (D:3)
  An orc priest (D:6)
  Jessica (D:3)
  2 iguanas
  Ijyb (D:3)
  A scorpion zombie (D:5)
  3 orc wizards
  Robin (D:3)
  12 adders
  11 gnolls
  A howler monkey skeleton (D:5)
  3 river rats (Sewer)
  A white imp (D:6)
  An ufetubus (D:5)
  5 worms
  3 dart slugs
  8 orcs
  5 bats
  9 endoplasms
  2 giant cockroaches
  10 hobgoblins
  13 jackals
  2 quokkas
  10 ball pythons
  3 frilled lizards
  19 goblins
  10 kobolds
  10 rats
175 creatures vanquished.

Notes
Turn   | Place    | Note
-------+----------+-------------------------------------------
     0 | D:1      | Kangaroobicon the Palentonga Fighter began the quest for
                  | the Orb.
     0 | D:1      | Reached XP level 1. HP: 19/19 MP: 1/1
   149 | D:1      | Reached XP level 2. HP: 19/25 MP: 2/2
   508 | D:1      | Reached XP level 3. HP: 31/31 MP: 3/3
  1223 | D:2      | Reached skill level 3 in Axes
  1378 | D:2      | Reached XP level 4. HP: 37/37 MP: 4/4
  1529 | D:2      | Found a faded altar of an unknown god.
  1921 | D:3      | Noticed Robin
  1926 | D:3      | Killed Robin
  1945 | D:3      | Reached XP level 5. HP: 44/44 MP: 5/5
  2018 | D:3      | Got the Grimoire of Quantum Curses
  2155 | D:3      | Noticed Jessica
  2161 | D:3      | Killed Jessica
  2162 | D:3      | Reached skill level 4 in Axes
  2197 | D:3      | Noticed Ijyb
  2215 | D:3      | Killed Ijyb
  2651 | D:3      | Found a snail-covered altar of Cheibriados.
  2810 | D:4      | Noticed a phantom
  2817 | D:4      | Killed a phantom
  2818 | D:4      | Reached skill level 1 in Dodging
  2818 | D:4      | Reached XP level 6. HP: 51/51 MP: 6/6
  3223 | D:4      | Found a staircase to the Ecumenical Temple.
  3232 | Temple   | Entered the Ecumenical Temple
  3337 | Temple   | Became a worshipper of the Shining One
  3630 | D:5      | Entered Level 5 of the Dungeon
  3638 | D:5      | Found a glowing drain.
  3650 | Sewer    | Entered a sewer
  3715 | Sewer    | Reached skill level 5 in Axes
  3785 | Sewer    | Gained mutation: You curl defensively after being hit. (AC
                  | +7*) [Palentonga growth]
  3785 | Sewer    | Reached XP level 7. HP: 56/58 MP: 7/7
  4023 | Sewer    | Reached skill level 6 in Axes
  4081 | Sewer    | Reached skill level 5 in Fighting
  4202 | D:5      | Reached * piety under the Shining One
  4219 | D:5      | Reached XP level 8. HP: 61/66 MP: 8/8
  4232 | D:5      | Found Vivaniom's General Store.
  4241 | D:5      | Noticed Pikel
  4693 | D:5      | Reached skill level 7 in Axes
  4713 | D:5      | Found Wykaschu's Antique Armour Boutique.
  4756 | D:5      | Reached skill level 8 in Axes
  4958 | D:5      | Killed Pikel
  4959 | D:5      | Reached XP level 9. HP: 40/73 MP: 9/9
  5140 | D:5      | Found Toisk's Book Boutique.
  5215 | D:5      | Bought a scroll of noise for 15 gold pieces
  5315 | D:6      | Reached skill level 9 in Axes
  5717 | D:6      | Reached ** piety under the Shining One
  5719 | D:6      | HP: 2/73 [gnoll/+0 spear (3)]
  5721 | D:6      | Slain by a gnoll

Illustrated notes

Levels and vault maps discovered:
D:1:      ncdulo_lavacross, layout_loops_ring
D:2:      layout_basic, chequers_ecumenical_altar_island,
          kennysheep_generic_room_13
D:3:      layout_loops_ring, slow_altar_1, st_stairs_4, minmay_checkerbox,
          uniq_jessica, uniq_robin, uniq_ijyb
D:4:      layout_basic, minmay_temple_entry_grid
D:5:      layout_basic, portal_sewer_entry_d, serial_shops,
          nicolae_lakefront_shop, nicolae_shop_stone,
          nicolae_shop_hallway_stairs, due_unseen_surprise, uniq_pikel
D:6:      layout_loops_corners
Temple:   mainiacjoe_temple_cubbyholes

Skill      XL: |  1  2  3  4  5  6  7  8  9 |
---------------+----------------------------+-----
Axes           | 3 4 5 6 8 9 |  9.6
Fighting       | 4 5 6 |  6.2
Armour         | 3 4 |  4.4
Dodging        | 1 2 |  2.9
Shields        | 3 |  3.3
Stealth        | |  0.6

Action                   |  1- 3 |  4- 6 |  7- 9 || total
-------------------------+-------+-------+-------++-------
Melee: War axe           |   113 |   191 |   203 ||   507
       Tailslap          |     6 |    15 |    48 ||    69
 Abil: Rolling Charge    |     1 |     1 |     3 ||     5
  Use: Scroll            |       |     4 |     2 ||     6
       Potion            |       |     1 |       ||     1
Armor: Scale mail        |    40 |       |       ||    40
       Ring mail         |    30 |   103 |   102 ||   235
Dodge: Dodged            |    48 |   106 |   104 ||   258
Block: Buckler           |    22 |    36 |    23 ||    81
